 Dungeon Crawl Stone Soup version 0.20.0-15-g7f486f2 (webtiles) character file.

12290 Zwobot the Basher (level 11, -5/68 HPs)
             Began as a Deep Elf Fighter on June 11, 2017.
             Was an Initiate of Gozag.
             Slain by a warg (8 damage)
             ... on level 11 of the Dungeon.
             The game lasted 00:50:31 (15600 turns).

Zwobot the Basher (Deep Elf Fighter)               Turns: 15600, Time: 00:50:32

Health: -5/68      AC: 22    Str: 21    XL:     11   Next: 60%
Magic:  14/14      EV:  4    Int: 12    God:    Gozag
Gold:   965        SH: 14    Dex: 14    Spells: 8/10 levels left

rFire    + . .     SeeInvis .   a - +2 flail (protect)
rCold    . . .     Gourm    .   C - +0 large shield
rNeg     . . .     Faith    .   G - +0 scale mail "Icutro" {+Fly rF+ Slay+3}
rPois    .         Spirit   .   (no helmet)
rElec    .         Reflect  .   (no cloak)
rCorr    .         Harm     .   F - +0 pair of gloves
MR       +....                  n - +0 pair of boots
Stlth    ..........             m - amulet of magic regeneration
Regen    0.3/turn               L - +4 ring of protection
MPRegen  0.3/turn               J - -3 ring of evasion (curse)

@: mighty, protection aura
A: repulsion field 1, thin metallic scales 1, dopey 1, mutation resistance 1
a: Potion Petition, Call Merchant, Bribe Branch, Renounce Religion, Evoke Flight


You were on level 11 of the Dungeon.
You worshipped Gozag.
Gozag was pleased with you.
You were not hungry.

You visited 3 branches of the dungeon, and saw 15 of its levels.

You collected 2123 gold pieces.
You spent 1077 gold pieces at shops.
You paid 81 gold pieces to Gozag.

Inventory:

Hand Weapons
 a - a +2 flail of protection (weapon)
 D - a +0 morningstar
 P - a +3 scimitar of flaming
Missiles
 j - 5 tomahawks (quivered)
Armour
 b - a +0 scale mail
 c - a +1 shield
 n - a +0 pair of boots (worn)
 t - a +0 plate armour
 C - a +0 large shield (worn)
 F - a +0 pair of gloves (worn)
 G - the +0 scale mail "Icutro" (worn) {+Fly rF+ Slay+3}
   (You found it on level 8 of the Dungeon)

   It affects your accuracy and damage with ranged weapons and melee attacks
   (+3).
   It protects you from fire.
   It lets you fly.
Jewellery
 m - an amulet of magic regeneration (around neck)
 J - a cursed -3 ring of evasion (right hand)
 L - a +4 ring of protection (left hand)
 N - a +3 ring of protection
Wands
 d - a wand of iceblast (0/15)
 s - a wand of lightning (0/15)
 u - a wand of lightning (0/15)
 v - a wand of enslavement (10/24)
 x - a wand of paralysis (0/24)
 z - a wand of confusion (4/48)
 B - a wand of polymorph (1/24)
Scrolls
 e - 2 scrolls of teleportation
 l - 2 scrolls of enchant weapon
 o - 2 scrolls of enchant armour
 p - 2 scrolls of fog
 y - a scroll of random uselessness
 A - 2 scrolls of identify
 K - a scroll of magic mapping
Potions
 g - 2 potions of cancellation
 h - 3 potions of brilliance
 k - 2 potions of flight
 H - a potion of might
 I - a potion of haste
Books
 q - a book of Conjurations

   Spells                             Type                      Level
   a - Magic Dart                     Conjuration                  1
   b - Searing Ray                    Conjuration                  2
   c - Dazzling Spray                 Conjuration/Hexes            3
   d - Fulminant Prism                Conjuration/Hexes            4
   e - Force Lance                    Conjuration/Translocation    4
   f - Iskenderun's Mystic Blast      Conjuration                  4
 r - a book of Maledictions

   Spells                             Type                      Level
   a - Corona                         Hexes                        1
   b - Ensorcelled Hibernation        Hexes/Ice                    2
   c - Confuse                        Hexes                        3
   d - Tukima's Dance                 Hexes                        3
   e - Dazzling Spray                 Conjuration/Hexes            3
 w - a book of Cantrips

   Spells                             Type                      Level
   a - Confusing Touch                Hexes                        1
   b - Animate Skeleton               Necromancy                   1
   c - Summon Small Mammal            Summoning                    1
   d - Apportation                    Translocation                1
 E - a book of Geomancy

   Spells                             Type                      Level
   a - Sandblast                      Earth                        1
   b - Passwall                       Transmutation/Earth          2
   c - Stone Arrow                    Conjuration/Earth            3
   d - Petrify                        Transmutation/Earth          4
   e - Lee's Rapid Deconstruction     Earth                        5
Comestibles
 f - 8 bread rations
 i - 7 meat rations


   Skills:
 + Level 8.2 Fighting
 * Level 12.1 Maces & Flails
 + Level 2.8 Armour
 + Level 2.9 Shields
 - Level 2.1 Evocations


You had 8 spell levels left.
You knew the following spells:

 Your Spells              Type           Power        Failure   Level  Hunger
a - Animate Skeleton      Necr           N/A          100%        1    ##.....
b - Apportation           Tloc           #.....       100%        1    ##.....


Dungeon Overview and Level Annotations

Branches:
Dungeon (13/15)            Temple (1/1) D:5            Lair (1/6) D:11
    Orc (0/2) D:11
 Vaults: D:13-14

Altars:
Ashenzari
Cheibriados
Dithmenos
Elyvilon
Fedhas
Gozag
Hepliaklqana
Kikubaaqudgha
Makhleb
Nemelex Xobeh
Okawaru
Qazlal
Ru
Sif Muna
Trog
Uskayaw
Vehumet
Xom
Yredelemnul
Zin
The Shining One
Beogh
Lugonu

Shops:
D:4 [![=

Annotations:
D:3 exclusion: 2 doors


Innate Abilities, Weirdness & Mutations

You are surrounded by a mild repulsion field. (EV +2)
You are partially covered in thin metallic scales. (AC +2)
You are dopey. (Int -2)
You are somewhat resistant to further mutation.


Message History

Aim: a warg (chance to defeat MR: 34%)
The warg easily resists.
This wand has 5 charges left.
Evoke which item? (* to show all) (? for menu, Esc to quit)
Aiming: Confuse
Press: ? - help, Shift-Dir - straight line, f/p - warg
Aim: a warg (chance to defeat MR: 34%)
The warg easily resists.
This wand has 4 charges left.
The warg bites you!
* * * LOW HITPOINT WARNING * * *
The warg bites you!
* * * LOW HITPOINT WARNING * * *
You feel very mighty all of a sudden. The warg bites you but does no damage.
Okay, then.
Okay, then.
You bludgeon the warg!!
Your weapon exudes an aura of protection.
The warg is severely wounded.
The warg bites you!
You die...
Your body crumbles into a pile of gold.

.#'#####.....##...#......######..
......##.........##......+......>
......##....###..........#######.
......##....# ##.........##......
......##....# #..........#.#####
......##....# #...#......#.#
......##....# #...######.#.#
......##....# #h..# #....#.#
......##....# #@..###....#.###
......####### ######.........#
####### #.........# # #.........#
# #.........# # #.......>.# #
#.........# # #.........# #
#.........#


You could see a warg.

Vanquished Creatures
  A hydra (D:11)
  Erica (D:9)
  An ugly thing (D:11)
  Joseph (D:9)
  A manticore (D:11)
  Psyche (D:9)
  A gargoyle (D:11)
  A troll (D:9)
  A spriggan (D:11)
  4 wyverns
  Eustachio (D:5)
  A wraith (D:10)
  15 yaks
  A hungry ghost (D:7)
  2 steam dragons
  Menkaure (D:5)
  A warg (D:10)
  2 water moccasins
  Duvessa (D:5)
  5 orc warriors
  3 sky beasts
  3 black bears
  2 ice beasts
  A necrophage (D:9)
  3 ogres
  An eye of draining (D:10)
  3 centaurs
  7 bullfrogs
  Dowan (D:5)
  3 scorpions
  15 wights
  A howler monkey (Temple)
  2 crimson imps
  2 bullfrog zombies
  3 jellies
  2 bullfrog skeletons
  A gnoll shaman (D:7)
  9 orc priests
  6 hounds
  2 centaur skeletons
  13 orc wizards
  An iguana (D:7)
  9 worker ants
  A hound zombie (D:9)
  A hound skeleton (D:5)
  A howler monkey zombie (D:11)
  6 gnolls
  2 howler monkey skeletons
  10 adders
  3 shadow imps
  2 adder zombies (D:5)
  2 adder skeletons (D:7)
  3 worms
  A dart slug (D:3)
  5 leopard geckos
  29 orcs
  2 ball pythons
  8 giant cockroaches
  7 hobgoblins
  7 jackals
  4 quokkas
  6 bats
  8 frilled lizards
  8 goblins
  A jackal zombie (D:7)
  10 kobolds
  A quokka skeleton (D:9)
  3 rats
267 creatures vanquished.

Vanquished Creatures (others)
  An orc (D:11)
1 creature vanquished.

Grand Total: 268 creatures vanquished

Notes
Turn   | Place    | Note
-------+----------+-------------------------------------------
     0 | D:1      | Zwobot the Deep Elf Fighter began the quest for the Orb.
     0 | D:1      | Reached XP level 1. HP: 13/13 MP: 3/3
    58 | D:1      | Reached skill level 2 in Maces & Flails
    58 | D:1      | Reached XP level 2. HP: 9/18 MP: 4/4
   957 | D:2      | Reached XP level 3. HP: 14/22 MP: 5/5
  1116 | D:2      | Gained mutation: You are surrounded by a mild repulsion field. (EV +2) [potion of mutation]
  1116 | D:2      | Gained mutation: You expend magic power (3 MP) to strengthen your wands. [potion of mutation]
  1116 | D:2      | Gained mutation: You have a pair of small horns on your head. [potion of mutation]
  1527 | D:2      | Reached skill level 3 in Maces & Flails
  1704 | D:2      | You fall through a shaft for 2 floors!
  1904 | D:4      | Reached XP level 4. HP: 11/27 MP: 6/6
  1992 | D:4      | Found Ceqija Vimi's Jewellery Boutique.
  2283 | D:3      | Noticed an ice beast
  2736 | D:3      | Reached skill level 4 in Maces & Flails
  2736 | D:3      | Reached XP level 5. HP: 24/31 MP: 7/7
  2974 | D:4      | Found Kiojemm's Antique Armour Boutique.
  3123 | D:4      | Found Ymips's Distillery.
  3133 | D:4      | Bought a potion of heal wounds for 70 gold pieces
  3204 | D:4      | Noticed an ogre
  3212 | D:4      | Killed an ogre
  3212 | D:4      | Reached skill level 5 in Maces & Flails
  3212 | D:4      | Reached XP level 6. HP: 36/36 MP: 4/8
  3326 | D:4      | Found Qulovouw's Antique Armour Boutique.
  3529 | D:5      | Entered Level 5 of the Dungeon
  3539 | D:5      | Found a staircase to the Ecumenical Temple.
  3547 | Temple   | Entered the Ecumenical Temple
  3708 | Temple   | Became a worshipper of Gozag Ym Sagoz the Greedy
  3729 | D:5      | Noticed Dowan
  3741 | D:5      | Noticed a sky beast
  3753 | D:5      | Noticed Duvessa
  3925 | D:5      | Noticed Menkaure
  4098 | D:4      | Reached skill level 6 in Maces & Flails
  4098 | D:4      | Reached XP level 7. HP: 32/40 MP: 9/9
  4146 | D:5      | HP: 2/40 [something/magic dart (10)]
  4500 | D:5      | Found a hazy altar of Hepliaklqana.
  4767 | D:5      | Found a sacrificial altar of Ru.
  4809 | D:5      | Noticed Eustachio
  5164 | D:6      | Found a white marble altar of Elyvilon.
  5165 | D:6      | Found a glowing golden altar of the Shining One.
  5171 | D:6      | Found a shimmering altar of Xom.
  5173 | D:6      | Found a snail-covered altar of Cheibriados.
  5173 | D:6      | Found a deep blue altar of Sif Muna.
  5215 | D:6      | Found a radiant altar of Vehumet.
  5216 | D:6      | Found a burning altar of Makhleb.
  5257 | D:6      | Reached skill level 7 in Maces & Flails
  5991 | D:7      | Reached XP level 8. HP: 45/45 MP: 7/11
  6437 | D:7      | Found a shattered altar of Ashenzari.
  6469 | D:7      | Found an iron altar of Okawaru.
  6742 | D:7      | Reached skill level 8 in Maces & Flails
  7635 | D:9      | Identified the Reference Book on Torrid Feathers
  7676 | D:8      | Reached XP level 9. HP: 52/52 MP: 12/12
  7927 | D:8      | Got a steaming scale mail
  7953 | D:8      | Identified the cursed +0 scale mail "Icutro" {+Fly rF+ Slay+3} (You found it on level 8 of the Dungeon)
  8436 | D:6      | Reached skill level 9 in Maces & Flails
  8657 | D:5      | Killed Duvessa
  8657 | D:5      | Reached skill level 5 in Fighting
  8675 | D:5      | Killed Dowan
  8748 | D:4      | Bought a +4 ring of protection for 468 gold pieces
  8816 | D:5      | Killed Eustachio
  9053 | D:4      | Bought a +3 ring of protection for 273 gold pieces
  9174 | D:5      | Killed Menkaure
  9970 | D:9      | Lost mutation: You expend magic power (3 MP) to strengthen your wands. [potion of mutation]
  9970 | D:9      | Lost mutation: You have a pair of small horns on your head. [potion of mutation]
  9970 | D:9      | Gained mutation: You are partially covered in thin metallic scales. (AC +2) [potion of mutation]
  9970 | D:9      | Gained mutation: You are dopey. (Int -2) [potion of mutation]
  9970 | D:9      | Gained mutation: You are somewhat resistant to further mutation. [potion of mutation]
 10031 | D:9      | Noticed Psyche
 10038 | D:9      | Killed Psyche
 10038 | D:9      | Reached skill level 10 in Maces & Flails
 10038 | D:9      | Reached XP level 10. HP: 54/60 MP: 13/13
 10469 | D:4      | Bought a dazzling large shield for 266 gold pieces
 10479 | D:4      | Identified the cursed +0 large shield "Tesaz" {rF- Str+4 Int+4} (You bought it in a shop on level 4 of the Dungeon)
 10811 | D:9      | Found a hide-covered altar of Uskayaw.
 11001 | D:9      | Noticed Erica
 11010 | D:9      | Killed Erica
 11132 | D:9      | Noticed Joseph
 11146 | D:9      | Killed Joseph
 11146 | D:9      | Reached skill level 11 in Maces & Flails
 11476 | D:9      | Learned a level 1 spell: Animate Skeleton
 11478 | D:9      | Learned a level 1 spell: Apportation
 11537 | D:10     | Entered Level 10 of the Dungeon
 11584 | D:10     | Noticed a deep elf mage
 11605 | D:10     | HP: 2/63 [deep elf mage/bolt of lightning (15)]
 12153 | D:13     | Noticed a two-headed ogre
 12308 | D:11     | Noticed a green ugly thing
 12311 | D:11     | Noticed a manticore
 12565 | D:10     | Reached XP level 11. HP: 30/67 MP: 14/14
 13456 | D:11     | Found a staircase to the Orcish Mines.
 14826 | D:11     | Killed a green ugly thing
 14826 | D:11     | Reached skill level 12 in Maces & Flails
 14925 | D:11     | Found a roughly hewn altar of Beogh.
 14938 | D:11     | Noticed a five-headed hydra
 15090 | D:11     | Noticed a five-headed hydra
 15103 | D:11     | Killed a five-headed hydra
 15489 | D:11     | Found a staircase to the Lair.
 15518 | Lair:1   | Entered Level 1 of the Lair of Beasts
 15598 | D:11     | HP: 3/68 [warg (10)]
 15600 | D:11     | Slain by a warg

Skill      XL: |  1  2  3  4  5  6  7  8  9 10 11 |
---------------+----------------------------------+-----
Maces & Flails | 2 3 4 5 6 7 8 10 11 12 | 12.1
Evocations     | 2 |  2.1
Fighting       | 4 5 7 8 |  8.2
Armour         | |  2.8
Shields        | |  2.9

Action                   |  1- 3 |  4- 6 |  7- 9 | 10-12 || total
-------------------------+-------+-------+-------+-------++-------
Melee: Flail             |   103 |   162 |   483 |   489 ||  1237
       Headbutt          |     6 |    25 |    86 |       ||   117
Throw: Tomahawk          |       |     3 |     5 |     7 ||    15
Invok: Potion Petition   |       |     1 |       |       ||     1
Evoke: Wand              |       |     5 |    13 |    25 ||    43
  Use: Potion            |     3 |     5 |     5 |    11 ||    24
       Scroll            |     6 |     4 |    11 |     9 ||    30
 Stab: Paralysed         |       |     3 |    17 |       ||    20
       Distracted        |       |       |       |     2 ||     2
  Eat: Chunk             |     3 |     1 |       |       ||     4
       Meat ration       |       |     1 |     2 |     3 ||     6
       Fruit             |       |       |    11 |       ||    11
       Royal jelly       |       |       |     4 |       ||     4
Armor: Scale mail        |    35 |    83 |   158 |   214 ||   490
       Plate armour      |       |       |    50 |       ||    50
       Skin              |       |       |       |     8 ||     8
Dodge: Dodged            |    25 |    63 |    81 |    41 ||   210
Block: Shield            |    53 |    85 |    78 |       ||   216
       Large shield      |       |       |   136 |   224 ||   360
